Map: Turbo Cruise '84 LE

Players

Mez

  • Race: Terran Terran
  • League: Master
  • Spawn Location: 3:00

Bögquist - Winner!

  • Race: Zerg Zerg
  • League: Master
  • Spawn Location: 7:00

VOD

Have the link to the VOD?

Description

Time

  • Played on: Aug. 6, 2019, 4:54 p.m.
  • Length: 5:18
Show
View Real Time Build Order
Export as new Build Order

Mez Terran 

Build Orders: Reaper Expand 

Get SALT Encoding   

  12  0:00  SCV  
  13  0:13  SCV  
  14  0:17  Supply Depot  
  14  0:25  SCV  
  15  0:39  SCV  
  15  0:40  Barracks  
  16  0:44  Refinery  
  16  0:51  SCV  
  17  1:03  SCV  
  18  1:15  SCV  
  19  1:28  Reaper, Orbital Command  
  20  1:46  Command Center  
  20  1:53  SCV  
  21  1:54  Supply Depot  
  21  2:00  Barracks Reactor  
  21  2:06  SCV  
  22  2:19  SCV  
  23  2:26  Command Center  
  23  2:42  Marine  
  23  2:43  Marine  
  25  2:44  SCV  
  26  2:56  SCV  
  26  2:58  Orbital Command  
  27  3:00  Barracks  
  27  3:08  SCV  
  28  3:25  SCV x2  
  30  3:37  SCV x2  
  30  3:38  Engineering Bay  
  32  3:42  Bunker, Orbital Command  
  32  3:49  SCV x2, Marine  
  32  3:50  Marine  
  32  3:54  Barracks Tech Lab  
  36  4:01  SCV x2  
  38  4:07  Marine x2  
  39  4:10  Supply Depot  
  39  4:15  Supply Depot  
  39  4:18  Marine  
  39  4:21  SCV x3  
  43  4:27  Factory  
  43  4:29  Refinery x2, Marine x2  
  45  4:33  SCV x3  
  45  4:35  Marine  
  49  4:45  SCV x3  
  52  4:48  Marine x2  
  48  4:53  Marine  
Show
View Real Time Build Order
Export as new Build Order

Bögquist Zerg - Winner!

Build Orders: Hatch First 

Get SALT Encoding   

  12  0:00  Drone  
  13  0:12  Overlord  
  13  0:18  Drone  
  14  0:30  Drone  
  14  0:31  Drone  
  16  0:49  Hatchery  
  15  0:52  Drone  
  15  0:56  Drone  
  17  1:10  Spawning Pool  
  16  1:14  Drone  
  16  1:17  Extractor  
  16  1:21  Drone  
  16  1:24  Drone  
  18  1:28  Drone  
  19  1:39  Drone  
  20  1:49  Overlord  
  20  2:00  Queen  
  20  2:01  Queen  
  24  2:02  Zergling x2  
  24  2:04  Zergling x2  
  26  2:11  Drone  
  26  2:15  Drone  
  28  2:17  Metabolic Boost  
  28  2:22  Drone x2  
  30  2:36  Queen  
  32  2:42  Drone x2  
  34  2:50  Overlord  
  35  2:51  Drone  
  35  2:53  Drone  
  36  3:10  Drone x3  
  39  3:16  Drone x2  
  39  3:17  Overlord, Drone  
  39  3:19  Drone  
  43  3:30  Overlord x2, Hatchery  
  42  3:36  Baneling Nest  
  41  3:42  Zergling x4  
  43  3:50  Zergling x10  
  43  3:51  Zergling x2  
  49  3:58  Zergling x4  
  49  4:01  Extractor  
  50  4:05  Zergling x4  
  52  4:10  Queen  
  52  4:13  Overlord  
  54  4:17  Zergling x2  
  54  4:20  Zergling x6  
  54  4:23  Baneling x2  
  58  4:24  Baneling  
  58  4:25  Baneling x2  
  58  4:26  Baneling  
  58  4:27  Queen  
  60  4:33  Zergling x6  
  60  4:34  Zergling x4  
  60  4:54  Zergling x12  
  66  5:03  Drone x4  
  66  5:04  Drone x2  
Tags
 
Add a new tag
Caveats
  • Supply blocks, unpowered buildings, or Contaminate may cause inaccurate times.
  • Supply counts are checked every 10 seconds.